 Dungeon Crawl Stone Soup version 0.29.1-12-g30fa7ad0bf (webtiles) character file.

Game seed: 16257095943766575613

1500 wormed the Skirmisher (level 8, -13/64 HPs)
             Began as a Gnoll Hunter on Dec 23, 2022.
             Was an Initiate of Okawaru.
             Killed from afar by Maggie (21 damage)
             ... with a bolt of fire
             ... on level 6 of the Dungeon.
             The game lasted 00:13:49 (6510 turns).

wormed the Skirmisher (Gnoll Hunter)                Turns: 6510, Time: 00:13:50

Health: -13/64     AC:  6    Str: 12    XL:     8   Next: 81%
Magic:  13/13      EV: 14    Int:  8    God:    Okawaru [......]
Gold:   210        SH:  0    Dex: 17    Spells: 14/14 levels left

rFire   . . .      SeeInvis .   a - +0 shortbow
rCold   . . .      Faith    .   (shield currently unavailable)
rNeg    . . .      Spirit   .   c - +0 leather armour
rPois   .          Reflect  .   (no helmet)
rElec   .          Harm     +   d - scarf {harm}
rCorr   .          Rampage  .   A - +1 pair of gloves
Will    .....                   q - +0 pair of boots
Stlth   +++.......              (no amulet)
HPRegen 0.20/turn               (no ring)
MPRegen 0.13/turn               (no ring)

@: no status effects
A: fangs 1, strong nose, distributed training
a: Renounce Religion


You were on level 6 of the Dungeon.
You worshipped Okawaru.
Okawaru was noncommittal.
You visited 2 branches of the dungeon, and saw 7 of its levels.

You collected 210 gold pieces.

Inventory:

Hand Weapons
 a - a +0 shortbow (weapon)
 r - a +4 spear
 s - a +2 dagger of venom
 x - a +1 whip of electrocution
Missiles
 D - a throwing net
Armour
 c - a +0 leather armour (worn)
 d - a scarf of harm (worn)
 q - a +0 pair of boots (worn)
 A - a +1 pair of gloves (worn)
Jewellery
 j - a +6 ring of intelligence
Wands
 m - a wand of polymorph (5)
 F - a wand of acid (10)
 G - a wand of digging (6)
Scrolls
 b - 4 scrolls of immolation
 e - 3 scrolls of identify {unknown}
 f - 3 scrolls of butterflies {unknown}
 k - 4 scrolls of enchant weapon {unknown}
 l - 2 scrolls of vulnerability {unknown}
 u - a scroll of torment {unknown}
 v - a scroll of magic mapping {unknown}
 w - a scroll of fear {unknown}
 y - 4 scrolls of teleportation {unknown}
 z - a scroll of summoning {unknown}
 C - a scroll of noise {unknown}
 E - a scroll of poison {unknown}
Potions
 g - 2 potions of brilliance {unknown}
 h - 3 potions of mutation {unknown}
 i - 2 potions of resistance {unknown}
 n - 2 potions of flight {unknown}
 o - a potion of magic {unknown}
 p - 2 potions of haste {unknown}
 t - 2 potions of heal wounds {unknown}
 B - a potion of invisibility {unknown}


   Skills:
 + Level 6.0 Fighting
 + Level 3.7 Short Blades
 + Level 3.7 Long Blades
 + Level 3.7 Axes
 + Level 3.7 Maces & Flails
 + Level 3.7 Polearms
 + Level 3.7 Staves
 + Level 9.3 Ranged Weapons
 + Level 3.7 Throwing
 + Level 3.7 Armour
 + Level 6.0 Dodging
 + Level 4.5 Stealth
 + Level 3.7 Shields
 + Level 3.7 Unarmed Combat
 + Level 3.7 Spellcasting
 + Level 3.1 Conjurations
 + Level 3.1 Hexes
 + Level 3.1 Summonings
 + Level 3.1 Necromancy
 + Level 3.1 Translocations
 + Level 3.1 Transmutations
 + Level 3.1 Fire Magic
 + Level 3.1 Ice Magic
 + Level 3.1 Air Magic
 + Level 3.1 Earth Magic
 + Level 3.1 Poison Magic
 + Level 4.1 Invocations
 + Level 3.7 Evocations


You had 14 spell levels left.
You didn't know any spells.
Your spell library contained the following spells:

 Spells                   Type           Power      Damage    Failure   Level
 Shock                    Conj/Air       24%        1d4       11%         1
 Poisonous Vapours        Pois/Air       12%        N/A       16%         2
 Swiftness                Air            6%         N/A       32%         3
 Airstrike                Air            3%         2d(1-17)  71%         4
 Corpse Rot               Necr/Pois/Air  6%         N/A       71%         4


Dungeon Overview and Level Annotations

Branches:
Dungeon (6/15)             Temple (1/1) D:5

Altars:
Cheibriados
Elyvilon
Makhleb
Nemelex Xobeh
Okawaru
Qazlal
Ru
Uskayaw
Vehumet
Xom

Shops:
D:5 [

Annotations:
D:4 2 transporters, hawla's ghost, weakling MeIE
D:6 Maggie


Innate Abilities, Weirdness & Mutations

You have very sharp teeth.
Your uncanny sense of smell can sniff out nearby items.
Your experience applies equally to all skills.


Message History

You shoot an arrow. The arrow hits Maggie.
Maggie is heavily wounded.
Maggie misses you.
Fire: a) +0 shortbow
Press: ? - help, Q - select action, (/) - cycle Shift-Dir - straight line, f/p - Maggie
Aim: Maggie, wielding a +0 halberd of flaming and wearing +0 steam dragon scales (heavily wounded, mesmerising, 67% to hit)
You shoot an arrow. The arrow hits Maggie.
Maggie is heavily wounded.
You break out of your daze.
Maggie misses you.
Fire: a) +0 shortbow
Press: ? - help, Q - select action, (/) - cycle Shift-Dir - straight line, f/p - Maggie
Aim: Maggie, wielding a +0 halberd of flaming and wearing +0 steam dragon scales (heavily wounded, 67% to hit)
You shoot an arrow.
The arrow hits Maggie but does no damage.
Maggie is heavily wounded.
Maggie gestures at you while chanting. The bolt of fire hits you!!
Ouch! That really hurt!
* * * LOW HITPOINT WARNING * * *
Fire: a) +0 shortbow
Press: ? - help, Q - select action, (/) - cycle Shift-Dir - straight line, f/p - Maggie
Aim: Maggie, wielding a +0 halberd of flaming and wearing +0 steam dragon scales (heavily wounded, 67% to hit)
You shoot an arrow. The arrow completely misses Maggie.
Maggie misses you.
Fire: a) +0 shortbow
Press: ? - help, Q - select action, (/) - cycle Shift-Dir - straight line, f/p - Maggie
Aim: Maggie, wielding a +0 halberd of flaming and wearing +0 steam dragon scales (heavily wounded, 67% to hit)
You shoot an arrow. The arrow hits Maggie.
Maggie is heavily wounded.
Maggie gestures wildly while chanting.
Maggie attempts to bespell you!
You are mesmerised by Maggie!
Maggie casts a spell at you. The bolt of fire hits you!
* * * LOW HITPOINT WARNING * * *
You break out of your daze!
Maggie casts a spell at you. The bolt of fire hits you!!
You die...

#.#..# ##.......#....#
#.##... [...........# #.#
#### ## #.....# #># #.###....
#.# #.### # #.# ##@..# #.#
##..#.# #.######## #..##.##
#.<......# ####@###..##
#........# #.>..# ##..# .
#........# #.#### ##.# ...
#..).....###.########.##.....
#............................
#...)....###.########........
#........##..# ###....#.
#...........## ##..#
#....)...### ..#


You could see Maggie.

Vanquished Creatures
  Pikel (D:4)
  An ogre (D:5)
  A lemure (D:4)
  A phantom (D:5)
  2 bullfrogs (D:6)
  A kobold brigand (D:6)
  A necrophage (D:6)
  2 scorpions (D:5)
  A jelly (D:5)
  An orc priest (D:5)
  Terence (D:2)
  Jessica (D:2)
  2 iguanas
  Natasha (D:2)
  3 orc wizards
  Robin (D:2)
  9 adders
  6 gnolls
  A worm (D:2)
  3 dart slugs
  11 orcs
  7 ball pythons
  4 bats
  11 endoplasms
  6 giant cockroaches
  6 hobgoblins
  5 jackals (D:3)
  13 kobolds
  4 quokkas
  5 frilled lizards
  20 goblins
  4 rats
136 creatures vanquished.

Notes
Turn   | Place    | Note
-------+----------+-------------------------------------------
     0 | D:1      | wormed the Gnoll Hunter began the quest for the Orb.
     0 | D:1      | Reached XP level 1. HP: 20/20 MP: 1/1
    65 | D:1      | Found a faded altar of an unknown god.
    82 | D:1      | Reached XP level 2. HP: 26/26 MP: 2/2
   396 | D:1      | Reached XP level 3. HP: 26/31 MP: 3/3
   780 | D:2      | Reached skill level 1 in Invocations
   782 | D:2      | Reached skill level 1 in Short Blades
   782 | D:2      | Reached skill level 1 in Long Blades
   782 | D:2      | Reached skill level 1 in Axes
   782 | D:2      | Reached skill level 1 in Maces & Flails
   782 | D:2      | Reached skill level 1 in Polearms
   782 | D:2      | Reached skill level 1 in Staves
   782 | D:2      | Reached skill level 1 in Throwing
   782 | D:2      | Reached skill level 1 in Armour
   782 | D:2      | Reached skill level 1 in Shields
   782 | D:2      | Reached skill level 1 in Unarmed Combat
   782 | D:2      | Reached skill level 1 in Spellcasting
   782 | D:2      | Reached skill level 1 in Evocations
   911 | D:2      | Noticed Robin
   918 | D:2      | Reached XP level 4. HP: 38/38 MP: 5/5
   941 | D:2      | Killed Robin
   946 | D:2      | Reached skill level 1 in Conjurations
   946 | D:2      | Reached skill level 1 in Hexes
   946 | D:2      | Reached skill level 1 in Summonings
   946 | D:2      | Reached skill level 1 in Necromancy
   946 | D:2      | Reached skill level 1 in Translocations
   946 | D:2      | Reached skill level 1 in Transmutations
   946 | D:2      | Reached skill level 1 in Fire Magic
   946 | D:2      | Reached skill level 1 in Ice Magic
   946 | D:2      | Reached skill level 1 in Air Magic
   946 | D:2      | Reached skill level 1 in Earth Magic
   946 | D:2      | Reached skill level 1 in Poison Magic
  1243 | D:2      | Noticed Jessica
  1244 | D:2      | Killed Jessica
  1545 | D:2      | Reached XP level 5. HP: 43/43 MP: 7/7
  1646 | D:2      | Noticed Terence
  1657 | D:2      | Killed Terence
  1995 | D:2      | Noticed Natasha
  1999 | D:2      | Killed Natasha
  2647 | D:3      | Found a shimmering altar of Xom.
  2701 | D:3      | Reached XP level 6. HP: 50/50 MP: 8/8
  2759 | D:3      | Reached skill level 5 in Fighting
  2759 | D:3      | Reached skill level 5 in Dodging
  3308 | D:4      | Found a transporter.
  3375 | D:4      | Noticed hawla's ghost (weakling MeIE)
  3634 | D:4      | Noticed Pikel
  3658 | D:4      | Killed Pikel
  3659 | D:4      | Reached skill level 9 in Ranged Weapons
  3659 | D:4      | Reached XP level 7. HP: 11/56 MP: 9/11
  4014 | D:4      | Found a transporter.
  4511 | D:5      | Entered Level 5 of the Dungeon
  4532 | D:5      | Reached XP level 8. HP: 63/63 MP: 12/12
  4935 | D:5      | Found a sacrificial altar of Ru.
  5182 | D:5      | Found Byezozub's Antique Armour Shoppe.
  5225 | D:5      | Found a staircase to the Ecumenical Temple.
  5462 | Temple   | Entered the Ecumenical Temple
  5585 | Temple   | Became a worshipper of Warmaster Okawaru
  6048 | D:6      | Noticed Maggie
  6510 | D:6      | Killed from afar by Maggie

Illustrated notes

Levels and vault maps discovered:
D:1:      dpeg_arrival_lava_temple_mockup, layout_basic,
          hellmonk_ecumenical_altar_lost_god
D:2:      layout_basic, hangedman_decor_clover_reticule, grunt_ministairs_15,
          hangedman_feature_mirror, uniq_natasha, uniq_terence, uniq_robin,
          uniq_jessica
D:3:      layout_rooms, xom_confusion_cloud, chequers_serial_rivers_room_b,
          minmay_door_square, chequers_serial_rivers_room_a, st_stairs_4
D:4:      layout_loops_ring, gammafunk_ghost_stat_death, nrook_mini_vaults,
          serial_bayou_crossing, uniq_pikel
D:5:      layout_loops_cross, nicolae_ru_awakened_eye, temple_statues,
          serial_shops, nicolae_diamond_shop
D:6:      layout_rooms, gammafunk_temple_of_torment, uniq_sigmund, uniq_maggie
Temple:   bh_familiar_temple

Skill      XL: |  1  2  3  4  5  6  7  8 |
---------------+-------------------------+-----
Invocations    | 1 2 3 4 |  4.1
Short Blades   | 1 2 3 |  3.7
Long Blades    | 1 2 3 |  3.7
Axes           | 1 2 3 |  3.7
Maces & Flails | 1 2 3 |  3.7
Polearms       | 1 2 3 |  3.7
Staves         | 1 2 3 |  3.7
Throwing       | 1 2 3 |  3.7
Armour         | 1 2 3 |  3.7
Shields        | 1 2 3 |  3.7
Unarmed Combat | 1 2 3 |  3.7
Spellcasting   | 1 2 3 |  3.7
Evocations     | 1 2 3 |  3.7
Conjurations   | 1 2 3 |  3.1
Hexes          | 1 2 3 |  3.1
Summonings     | 1 2 3 |  3.1
Necromancy     | 1 2 3 |  3.1
Translocations | 1 2 3 |  3.1
Transmutations | 1 2 3 |  3.1
Fire Magic     | 1 2 3 |  3.1
Ice Magic      | 1 2 3 |  3.1
Air Magic      | 1 2 3 |  3.1
Earth Magic    | 1 2 3 |  3.1
Poison Magic   | 1 2 3 |  3.1
Stealth        | 3 4 |  4.5
Fighting       | 5 6 |  6.0
Dodging        | 5 6 |  6.0
Ranged Weapons | 9 |  9.3

Action                   |  1- 3 |  4- 6 |  7- 9 || total
-------------------------+-------+-------+-------++-------
Melee: Spear             |       |    58 |    22 ||    80
       Bite              |       |     8 |     4 ||    12
       Unarmed           |       |     1 |       ||     1
       Dagger            |       |     9 |    14 ||    23
       Whip              |       |       |    26 ||    26
       Punch             |       |       |     1 ||     1
 Fire: Shortbow          |    67 |   123 |   108 ||   298
Armor: Leather armour    |     5 |    37 |    19 ||    61
Dodge: Dodged            |    15 |    72 |    59 ||   146
